 Dungeon Crawl Stone Soup version 0.29-a0-344-ge2f44be95a (webtiles) character file.

Game seed: 5409788324027058278

1324 zishaf the Zephyrmancer (level 8, -17/47 (51) HPs)
             Began as a Tengu Air Elementalist on Apr 21, 2022.
             Was a Believer of Dithmenos.
             Demolished by a two-headed ogre
             ... wielding a +0 giant spiked club
              (19 damage)
             ... on level 6 of the Dungeon.
             The game lasted 00:11:03 (6775 turns).

zishaf the Zephyrmancer (Tengu Air Elementalist)    Turns: 6775, Time: 00:11:03

HP:   -17/47 (51)   AC:  2    Str:  8    XL:     8   Next: 60%
MP:   13/13         EV: 14    Int: 18    God:    Dithmenos [**....]
Gold: 238           SH:  0    Dex: 15    Spells: 6/13 levels left

rFire   + . .      SeeInvis +   s - +4 dagger of the Orb {vorpal, rF+ SInv}
rCold   . . .      Faith    .   (no shield)
rNeg    . . .      Spirit   .   a - +0 robe
rPois   .          Reflect  .   (helmet restricted)
rElec   .          Harm     .   d - scarf {repulsion}
rCorr   .          Rampage  .   (no gloves)
Will    .....                   (boots unavailable)
Stlth   ++........              (no amulet)
HPRegen 0.15/turn               (no ring)
MPRegen 0.13/turn               (no ring)

@: flying quickly and evasively, wreathed by umbra, drained, repel missiles,
quick
A: beak, talons 3, nimble flight
a: Renounce Religion, Shadow Step


You were on level 6 of the Dungeon.
You worshipped Dithmenos.
Dithmenos was pleased with you.
You visited 1 branch of the dungeon, and saw 6 of its levels.

You collected 238 gold pieces.

Inventory:

Hand Weapons
 e - a +0 short sword
 j - a +2 spear of freezing
 s - the +4 dagger of the Orb (weapon) {vorpal, rF+ SInv}
   (You found it on level 5 of the Dungeon)

   It inflicts extra damage upon your enemies.
   rF:        It protects you from fire.
   SInv:      It lets you see invisible.
Armour
 a - a +0 robe (worn)
 d - a scarf of repulsion (worn)
Wands
 g - a wand of acid (11)
 k - a wand of paralysis (2)
 m - a wand of flame (15)
 p - a wand of polymorph (8)
Scrolls
 n - a scroll of fear
 o - a scroll of fog {unknown}
Potions
 b - 2 potions of magic
 c - a potion of curing
 f - a potion of brilliance
 h - a potion of heal wounds
 i - a potion of lignification
 l - a potion of haste {unknown}
 q - a potion of berserk rage {unknown}
 r - a potion of ambrosia {unknown}
 t - a potion of invisibility {unknown}


   Skills:
 + Level 6.1 Fighting
 - Level 2.1 Dodging
 - Level 2.0 Stealth
 - Level 3.0 Spellcasting
 - Level 1.3 Conjurations
 + Level 10.7 Air Magic


You had 6 spell levels left.
You knew the following spells:

 Your Spells              Type           Power      Damage    Failure   Level
a - Shock                 Conj/Air       96%        1d9       1%          1
b - Airstrike             Air            20%        N/A       1%          4
c - Static Discharge      Conj/Air       24%        N/A       1%          2

Your spell library contained the following spells:

 Spells                   Type           Power      Damage    Failure   Level
 Swiftness                Air            41%        N/A       1%          3
 Slow                     Hex            8%         N/A       16%         1
 Confusing Touch          Hex            2%         N/A       43%         3
 Gell's Gravitas          Tloc           2%         N/A       43%         3
 Lesser Beckoning         Tloc           2%         N/A       43%         3
 Teleport Other           Tloc           2%         N/A       43%         3
 Vampiric Draining        Necr           2%         2d6       43%         3


Dungeon Overview and Level Annotations

Branches:
Dungeon (6/15)             Temple (0/1) D:4

Altars:
Dithmenos
Nemelex Xobeh


Innate Abilities, Weirdness & Mutations

You have a beak for a mouth.
You have claws for feet.
Your magical nature lets you fly swiftly and evasively.


Message History

The large abomination hits you.
The orc high priest shouts!
The orc high priest mumbles some strange prayers to Beogh.
You see here a +0 dagger.
The orc high priest calls down the wrath of Beogh upon you.
Beogh smites you!
There is an open door here.
There is an escape hatch in the floor here.
You fly downwards.
The hatch slams shut behind you.
Found a stone staircase leading down.
Found an escape hatch in the floor.
Found a stone staircase leading up.
There is a stone staircase leading up here.
Nemelex Xobeh makes you draw from the deck of Punishment.
You draw a card...
You have drawn the Wraith.
You feel drained.
HP restored.
Found a chain mail.
You see here a +0 chain mail.
Found 11 stones.
Found a scale mail.
Found a stone staircase leading up.
Found an escape hatch in the ceiling.
There is a stone staircase leading up here.
You fly upwards.
The two-headed ogre shouts in stereo!
The steam dragon hisses angrily.
The two-headed ogre misses you. The two-headed ogre barely misses you.
The steam dragon barely misses you. The steam dragon claws you.
The steam dragon closely misses you. The steam dragon completely misses you.
There is a stone staircase leading down here.
The two-headed ogre hits you with a +0 giant spiked club!!
The two-headed ogre hits you with a +0 giant club!!
* * * LOW HITPOINT WARNING * * *
The steam dragon misses you. The steam dragon claws you.
* * * LOW HITPOINT WARNING * * *
You fly downwards.
There is a stone staircase leading up here.
Okay, then.
The steam dragon closely misses you.
The steam dragon claws you but does no damage.
The two-headed ogre hits you with a +0 giant spiked club!!
You die...

...# .... ..### #..#
...< #..# #.####.##
#..# #.......# #..#
######..####.# #..#
#OD........# #..#
#@##..########..##
######............[.
........########..##
##.####.#.........#
.(.............#.##
.#.######.####.#.#
#.# #.#.#
###.####.#.#
#........#.#


You could see a two-headed ogre and a steam dragon.

Vanquished Creatures
  An orc sorcerer (D:5)
  A komodo dragon (D:5)
  Edmund (D:5)
  A black bear (D:5)
  2 sky beasts (D:5)
  An ogre (D:5)
  A necrophage (D:5)
  A bullfrog (D:4)
  A scorpion (D:5)
  2 howler monkeys
  A hound (D:5)
  Terence (D:2)
  3 iguanas
  An orc wizard (D:5)
  5 adders
  A white imp (D:5)
  3 ufetubi
  2 worms
  2 dart slugs
  10 orcs
  7 endoplasms
  A giant cockroach (D:4)
  4 goblins
  6 hobgoblins
  3 jackals (D:3)
  8 kobolds
  6 quokkas
  5 ball pythons
  5 bats
  4 frilled lizards
  3 rats
93 creatures vanquished.

Notes
Turn   | Place    | Note
-------+----------+-------------------------------------------
     0 | D:1      | zishaf the Tengu Air Elementalist began the quest for the
                  | Orb.
     0 | D:1      | Reached XP level 1. HP: 10/10 MP: 4/4
   373 | D:1      | Reached XP level 2. HP: 16/16 MP: 4/6
   982 | D:2      | Reached skill level 1 in Fighting
  1179 | D:2      | Reached skill level 5 in Air Magic
  1248 | D:2      | Reached XP level 3. HP: 20/20 MP: 4/7
  1410 | D:2      | Noticed Terence
  1417 | D:2      | Killed Terence
  1434 | D:2      | Found a faded altar of an unknown god.
  1935 | D:2      | Prayed at the altar of an unknown god.
  1935 | D:2      | Became a worshipper of Nemelex Xobeh the Trickster
  1935 | D:2      | Reached * piety under Nemelex Xobeh
  1935 | D:2      | Received a gift from Nemelex Xobeh
  1968 | D:3      | Reached XP level 4. HP: 17/26 MP: 5/8
  2158 | D:3      | Found a shadowy altar of Dithmenos.
  2172 | D:3      | Fell from the grace of Nemelex Xobeh
  2172 | D:3      | Became a worshipper of Dithmenos the Shadowed
  2283 | D:3      | Reached skill level 6 in Air Magic
  2878 | D:4      | Learned a level 4 spell: Airstrike
  2881 | D:4      | Learned a level 2 spell: Static Discharge
  2999 | D:4      | Gained mutation: Your magical nature lets you fly swiftly
                  | and evasively. [Tengu growth]
  2999 | D:4      | Reached XP level 5. HP: 25/31 MP: 9/9
  3175 | D:4      | Found a staircase to the Ecumenical Temple.
  3201 | D:4      | Reached * piety under Dithmenos
  3212 | D:4      | Reached skill level 7 in Air Magic
  3656 | D:4      | Reached XP level 6. HP: 26/37 MP: 8/10
  4250 | D:5      | Entered Level 5 of the Dungeon
  4263 | D:5      | Identified the +4 dagger of the Orb {vorpal, rF+ SInv}
  4387 | D:5      | Noticed Edmund
  4658 | D:5      | Killed Edmund
  4659 | D:5      | Reached skill level 8 in Air Magic
  4659 | D:5      | Reached XP level 7. HP: 24/42 MP: 0/11
  5001 | D:5      | Reached skill level 9 in Air Magic
  5053 | D:5      | Noticed an orc high priest
  5053 | D:5      | Noticed an orc sorcerer
  5053 | D:5      | Noticed a warg
  5053 | D:5      | Noticed an orc sorcerer
  5060 | D:4      | Noticed an ice devil
  5064 | D:4      | Noticed a chaos spawn
  5066 | D:4      | Noticed a smoke demon
  5737 | D:5      | Reached skill level 10 in Air Magic
  5737 | D:5      | Reached XP level 8. HP: 40/48 MP: 2/12
  5909 | D:5      | Reached skill level 5 in Fighting
  6171 | D:5      | Reached ** piety under Dithmenos
  6275 | D:5      | Noticed a komodo dragon
  6439 | D:5      | Killed an orc sorcerer
  6599 | D:5      | Killed a komodo dragon
  6648 | D:5      | Noticed a large abomination
  6657 | D:5      | Noticed an orange demon
  6772 | D:5      | Noticed a two-headed ogre
  6773 | D:5      | HP: 1/47 [steam dragon (3)]
  6775 | D:6      | Demolished by a two-headed ogre

Illustrated notes

Levels and vault maps discovered:
D:1:      eino_arrival_water_star, layout_rooms, serial_aquarium,
          aquarium_bridge_straight [aquarium_subvault_bridge,
          aquarium_subvault_wall, aquarium_subvault_bridge,
          aquarium_subvault_window], aquarium_bridge_square
          [aquarium_subvault_bridge, aquarium_subvault_wall,
          aquarium_subvault_bridge, aquarium_subvault_bridge],
          aquarium_window_fake, aquarium_window_1, aquarium_view_2e
D:2:      layout_basic, ebering_ecumenical_altar_box, uniq_terence
D:3:      layout_loops_cross, nicolae_dithmenos_through_a_glass_darkly
D:4:      layout_basic, minmay_temple_entry_stoned_glass
D:5:      layout_gridville, nicolae_shop_dragon_depot, st_stairs_6,
          hangedman_minor_gate_pass, uniq_edmund
D:6:      layout_basic, chequers_serial_rivers_micro_e

Skill      XL: |  1  2  3  4  5  6  7  8 |
---------------+-------------------------+-----
Fighting       | 1 2 3 4 6 |  6.1
Air Magic      | 5 6 7 8 10 | 10.7
Spellcasting   | 3 |  3.0
Dodging        | |  2.1
Stealth        | |  2.0
Conjurations   | |  1.3

Action                   |  1- 3 |  4- 6 |  7- 9 || total
-------------------------+-------+-------+-------++-------
Melee: Short sword       |     3 |       |       ||     3
       Spear             |    12 |    51 |       ||    63
       Kick              |     2 |    13 |     2 ||    17
       Peck              |     1 |     8 |     1 ||    10
       Punch             |       |     1 |       ||     1
       Dagger            |       |       |    11 ||    11
 Cast: Shock             |    63 |    70 |   102 ||   235
       Static Discharge  |       |     4 |     1 ||     5
       Airstrike         |       |       |     6 ||     6
Evoke: Wand              |       |       |     5 ||     5
  Use: Scroll            |       |    10 |     1 ||    11
 Stab: Sleeping          |       |     1 |       ||     1
       Paralysed         |       |       |     4 ||     4
Armor: Robe              |     2 |     6 |     5 ||    13
Dodge: Dodged            |    11 |    45 |    47 ||   103

Table legend: (Time is in decaauts)
 A = Elapsed time spent in this place.
 B = Non-inter-level travel time spent in this place.
 C = Inter-level travel time spent in this place.
 D = Time resting spent in this place.
 E = Time spent auto-exploring this place.
 F = Levels seen in this place.
 G = Mean time per level.
                   A        B        C        D        E       F      G
               +--------+--------+--------+--------+--------+-----+--------+
         Total |   6622 |   6361 |    261 |    916 |   4474 |   6 | 1103.7 |
       Dungeon |   6622 |   6361 |    261 |    916 |   4474 |   6 | 1103.7 |
               +--------+--------+--------+--------+--------+-----+--------+

Top non-repeatable levels by time:
     D:4: 1940 daAuts
     D:5: 1701 daAuts
     D:2: 1049 daAuts
     D:3: 929 daAuts
     D:1: 904 daAuts
     D:6: 97 daAuts
